 Dungeon Crawl Stone Soup version 0.28.0-62-gf88900778d (webtiles) character file.

Game seed: 2931314903768704964

97 cbfl8 the Chopper (level 4, 0/61 HPs)
             Began as a Hill Orc Monk on May 24, 2023.
             Succumbed to a gnoll's poison
             ... on level 1 of the Dungeon.
             The game lasted 00:02:36 (2127 turns).

cbfl8 the Chopper (Hill Orc Monk)                   Turns: 2127, Time: 00:02:36

Health: 0/61       AC: 22    Str: 13 (15) XL:     4   Next: 68%
Magic:  4/4        EV:  2    Int:  9 (10) God:
Gold:   59         SH:  0    Dex: 12 (13) Spells: 3/3 levels left

rFire   . . .      SeeInvis .   a - +0 hand axe
rCold   . . .      Faith    .   (no shield)
rNeg    . . .      Spirit   .   (armour currently unavailable)
rPois   +          Reflect  .   (helmet currently unavailable)
rElec   .          Harm     .   (cloak currently unavailable)
rCorr   .          Rampage  .   (gloves currently unavailable)
Will    .....      NoTele   +   (boots currently unavailable)
Stlth   ++........              (no amulet)
HPRegen 0.20/turn               (no ring)
MPRegen 0.09/turn               (no ring)

@: lethally poisoned (0 -> -9), tree-form
A: stationary, stasis, torment immunity, boosted hp
a: no special abilities


You were on level 1 of the Dungeon.
You were a tree.
You visited 1 branch of the dungeon, and saw 2 of its levels.

You collected 59 gold pieces.

Inventory:

Hand Weapons
 a - a +0 hand axe (weapon)
Armour
 d - a +0 pair of boots (melded)
 j - a +0 ring mail (melded)
Scrolls
 g - a scroll of fog {unknown}
 i - a scroll of identify {unknown}
Potions
 h - a potion of flight


   Skills:
 + Level 4.5 Fighting
 + Level 5.0 Axes
 + Level 0.2 Armour
 + Level 2.7 Dodging
 + Level 2.0 Stealth
 * Level 1.4 Evocations


You had 3 spell levels left.
You didn't know any spells.
Your spell library was empty.

Dungeon Overview and Level Annotations

Branches:
Dungeon (2/15)

Altars:


Message History

You cannot move. (Use ctrl+direction or * direction to attack without moving.)
You cannot move. (Use ctrl+direction or * direction to attack without moving.)
You cannot move. (Use ctrl+direction or * direction to attack without moving.)
You hit the gnoll.
You feel less invigorated.
You feel less confused.
* * * LOW HITPOINT WARNING * * *
You feel very sick.
The gnoll hits you with a +1 flail of venom.
* * * LOW HITPOINT WARNING * * *
You cannot move.
Okay, then.
There are no items here.
You cannot move.
You cannot move.
You cannot move.
You cannot move.
You cannot move.
You cannot move.
Okay, then.
There are no items here.
You cannot move.
You cannot move.
You cannot move.
You cannot move.
You cannot move.
You hit the gnoll.
* * * LOW HITPOINT WARNING * * *
You feel very sick. The gnoll completely misses you.
You cannot move.
Okay, then.
There are no items here.
You cannot move.
You cannot move.
You cannot move.
You cannot move.
You cannot move.
You hit the gnoll.
You kill the gnoll!
You die...

###### #.# #.#
.....#####.# #.#
.....#.....###.####
..##.##.....#.....#
.###..#.....#.....#
.###..#.....#.....#
.+....#.....#.....#
.####.#.....#.....#######
................♣.......#
.####.#.....##.)).......#
.# #................)..#
.#####.......#..........#
...........#.#..........#
.............#..........#
.............#..........#
.............#..........#
.............#..........#


There were no monsters in sight!

Vanquished Creatures
  3 gnolls (D:1)
  3 adders (D:2)
  2 ball pythons (D:2)
  3 endoplasms
  2 giant cockroaches (D:2)
  3 goblins
  6 hobgoblins (D:1)
  4 jackals (D:1)
  4 kobolds (D:1)
  9 bats
  3 frilled lizards
  8 rats (D:1)
50 creatures vanquished.

Vanquished Creatures (others)
  2 plants (D:1)
2 creatures vanquished.

Grand Total: 52 creatures vanquished

Notes
Turn   | Place    | Note
-------+----------+-------------------------------------------
     0 | D:1      | cbfl8 the Hill Orc Monk began the quest for the Orb.
     0 | D:1      | Reached XP level 1. HP: 19/19 MP: 1/1
     5 | D:1      | Noticed an anaconda
   311 | D:1      | Reached XP level 2. HP: 25/27 MP: 2/2
   539 | D:1      | Reached skill level 1 in Evocations
   689 | D:1      | Reached XP level 3. HP: 31/33 MP: 3/3
  1291 | D:1      | Noticed an anaconda
  1433 | D:2      | Reached XP level 4. HP: 38/40 MP: 4/4
  1649 | D:2      | Found a faded altar of an unknown god.
  1877 | D:1      | Reached skill level 5 in Axes
  2126 | D:1      | HP: 2/61 [poisoned by a gnoll]
  2127 | D:1      | Succumbed to a gnoll's poison

Illustrated notes

Levels and vault maps discovered:
D:1:      sevenhm_arrival_forest_fort_small_2, layout_basic,
          serial_bayou_crossing
D:2:      layout_loops_ring, ebering_ecumenical_altar_mist

Skill      XL: |  1  2  3  4 |
---------------+-------------+-----
Evocations     | 1 |  1.4
Fighting       | 4 |  4.5
Axes           | 5 |  5.0
Stealth        | 2 |  2.0
Armour         | |  0.2
Dodging        | |  2.7

Action                   |  1- 3 |  4- 6 || total
-------------------------+-------+-------++-------
Melee: Hand axe          |   136 |    45 ||   181
  Use: Potion            |       |     4 ||     4
 Stab: Sleeping          |     5 |     1 ||     6
Armor: Robe              |    29 |       ||    29
       Leather armour    |     6 |     2 ||     8
       Ring mail         |       |    12 ||    12
       Skin              |       |     1 ||     1
Dodge: Dodged            |   110 |    34 ||   144
